 Dungeon Crawl Stone Soup version 0.31.0-4-g52a2dc7128 (console) character file.

Game seed: 5815823400925439346

121 AlterAsc the Changeling (level 4, 0/23 HPs)
             Began as a Spriggan Shapeshifter on Jan 21, 2024.
             Incinerated by a bombardier beetle (5 damage)
             ... with a burning spray
             ... on level 3 of the Dungeon.
             The game lasted 00:06:05 (2243 turns).

AlterAsc the Changeling (Spriggan Shapeshifter)     Turns: 2243, Time: 00:06:05

Health: 0/23       AC:  2    Str: 10    XL:     4   Next: 76%
Magic:  5/5        EV: 18    Int: 11    God:
Gold:   129        SH:  0    Dex: 16    Spells: 3/3 levels left

rFire   . .          .
                       - Unarmed
rCold   . . .        (no shield)
rNeg    . . .        a - +0 animal skin
rPois   .            (helmet currently unavailable)
rElec   .            (cloak currently unavailable)
rCorr   .            (gloves unavailable)
SInv    +            (boots unavailable)
Will    .....        q - amulet of regeneration
Stlth   +            (no ring)
HPRegen 1.03/turn    (no ring)
MPRegen 0.09/turn

%: no passive effects
@: on fire, beast-form, glowing, very quick
A: beast (slay +2), very small, no large weapons, unfitting armour, see
invisible, speed 3
a: Begin Untransformation


You were on level 3 of the Dungeon.
You were a hulking beast.
You visited 1 branch of the dungeon, and saw 3 of its levels.

You collected 129 gold pieces.

Inventory:

Missiles
 i - 11 poisoned darts (quivered)
Armour
 a - a +0 animal skin (worn)
Jewellery
 q - an amulet of regeneration (around neck)
Talismans
 c - a beast talisman
 d - a flux talisman
 l - a blade talisman
Scrolls
 e - 7 scrolls of identify
 f - 3 scrolls of fog
 g - a scroll of poison {unknown}
 h - 2 scrolls of blinking {unknown}
 m - a scroll of fear {unknown}
 n - a scroll of vulnerability {unknown}
 r - a scroll of teleportation {unknown}
 s - 3 scrolls of revelation {unknown}
Potions
 b - 2 potions of lignification
 j - 2 potions of enlightenment
 k - 2 potions of curing {unknown}
 o - a potion of mutation {unknown}
 p - 2 potions of might {unknown}


   Skills:
 + Level 2.0 Fighting
 + Level 4.1 Dodging
 - Level 3.0 Unarmed Combat
 + Level 5.0 Shapeshifting


You had 3 spell levels left.
You didn't know any spells.
Your spell library contained the following spells:

 Spells                   Type           Power      Damage    Failure   Level
 Call Imp                 Summ           0%         N/A       47%         2
 Sublimation of Blood     Necr           0%         N/A       47%         2
 Fugue of the Fallen      Necr           0%         N/A       71%         3
 Ozocubu's Armour         Ice            0%         N/A       71%         3
 Tukima's Dance           Hex            0%         N/A       71%         3
 Volatile Blastmotes      Fire/Tloc      0%         2d10      71%         3
 Dimensional Bullseye     Hex/Tloc       0%         N/A       98%         4
 Fulminant Prism          Conj/Alch      0%         3d5       98%         4
 Iskenderun's Mystic Bla  Conj/Tloc      0%         2d3       98%         4
 Manifold Assault         Tloc           0%         N/A       98%         4
 Summon Hydra             Summ           0%         N/A       100%        7


Dungeon Overview and Level Annotations

Branches:
Dungeon (3/15)

Altars:


Innate Abilities, Weirdness & Mutations

You are a hulking beast.
Your limbs bulge with bestial killing power. (Slay +2)
You are very small and have problems with some larger weapons.
You are too small for most types of armour.
You have supernaturally acute eyesight. (SInv)
You cover ground extremely quickly. (Speed+++)


Message History

You hit the bombardier beetle.
The bombardier beetle is severely wounded.
The bombardier beetle sprays incendiary fluid at you.
The burning spray misses you.
You hit the bombardier beetle but do no damage.
The bombardier beetle is severely wounded.
You hit the bombardier beetle.
The bombardier beetle is almost dead.
The bombardier beetle sprays incendiary fluid at you.
The burning spray hits you.
You are covered in liquid fire!
You hit the bombardier beetle but do no damage.
The bombardier beetle is almost dead.
The liquid fire burns you!
The bombardier beetle sprays incendiary fluid at you.
The burning spray hits you.
You are even more covered in liquid fire!
You hit the bombardier beetle.
You kill the bombardier beetle!
The liquid fire burns you!
Your Fighting skill increases to level 2!
Your Dodging skill increases to level 4!
Your Shapeshifting skill increases to level 5!
You are on fire!
You are on fire!
You are on fire!
The liquid fire burns you! The liquid fire burns you!
You shake off some of the fire as you move.
The liquid fire burns you!
* * * LOW HITPOINT WARNING * * *
You shake off some of the fire as you move.
The liquid fire burns you!
* * * LOW HITPOINT WARNING * * *
You see here a +0 dagger.
Okay, then.
As you read the scroll of identify, it crumbles to dust.
j - 2 potions of enlightenment The liquid fire burns you!
You die...

##.........# #$#
#.#.#####.# #.#
#.#.### ##.##
##.....# ...#
##.#.#.# #..#
####.#.########..#
...##............#
....##.#########.#
.....### #.#
......## #.#
.......## #h#
........# #.#
§≈......# #.#
≈≈......# #.#
§§§.....+ #.#
§§......+ #.#
≈§......# #.#
≈≈......# ..#
........# ###
.......## ......##


There were no monsters in sight!

Vanquished Creatures
  A bombardier beetle (D:3)
  2 adders (D:3)
  2 ribbon worms
  A dart slug (D:1)
  3 orcs
  4 endoplasms
  3 giant cockroaches
  5 goblins
  5 hobgoblins
  2 jackals (D:1)
  3 quokkas
  7 ball pythons
  4 bats
  4 frilled lizards
  7 kobolds
  8 rats
61 creatures vanquished.

Notes
Turn   | Place    | Note
-------+----------+-------------------------------------------
     0 | D:1      | AlterAsc the Spriggan Shapeshifter began the quest for the
                  | Orb.
     0 | D:1      | Reached XP level 1. HP: 9/9 MP: 2/2
   179 | D:1      | Reached skill level 1 in Fighting
   184 | D:1      | Reached XP level 2. HP: 14/14 MP: 3/3
   792 | D:1      | Reached XP level 3. HP: 18/18 MP: 4/4
  1829 | D:3      | Reached XP level 4. HP: 18/23 MP: 5/5
  2239 | D:3      | Reached skill level 5 in Shapeshifting
  2243 | D:3      | Incinerated by a bombardier beetle

Illustrated notes

Levels and vault maps discovered:
D:1:      sevenhm_arrival_forest_fort_small_3, layout_basic,
          serial_bayou_lagoon_a, minmay_tall_x
D:2:      layout_rooms, minivault_24, skrybe_limestone_x,
          kennysheep_generic_room_11
D:3:      layout_loops_ring, kennysheep_big_empty_room, minivault_23

Skill      XL: |  1  2  3  4 |
---------------+-------------+-----
Fighting       | 1 2 |  2.0
Dodging        | 3 4 |  4.1
Unarmed Combat | 3 |  3.0
Shapeshifting  | 5 |  5.0

Action                     |  1- 3 |  4- 6 || total
---------------------------+-------+-------++-------
  Melee: Unarmed           |   154 |    27 ||   181
         Punch             |     1 |     1 ||     2
  Throw: Dart              |    11 |     8 ||    19
    Use: Scroll            |     1 |     1 ||     2
   Stab: Sleeping          |     3 |     1 ||     4
 Armour: Animal skin       |    51 |     2 ||    53
  Dodge: Dodged            |   128 |    13 ||   141
